 Dungeon Crawl Stone Soup version 0.29.1-2-gbd0b4ee654 (webtiles) character file.

Game seed: 7701784051614640016

101 Descartes the Shooter (level 4, 0/21 HPs)
             Began as a Spriggan Wanderer on Nov 16, 2022.
             Slain by an adder (2 damage)
             ... on level 3 of the Dungeon.
             The game lasted 00:04:12 (2144 turns).

Descartes the Shooter (Spriggan Wanderer)           Turns: 2144, Time: 00:04:12

Health: 0/21       AC:  2    Str:  9    XL:     4   Next: 48%
Magic:  8/10       EV: 16    Int: 17    God:
Gold:   131        SH:  0    Dex: 11    Spells: 8/9 levels left

rFire   . . .      SeeInvis +   a - +2 sling
rCold   . . .      Faith    .   (no shield)
rNeg    . . .      Spirit   .   d - +0 robe
rPois   .          Reflect  .   (helmet restricted)
rElec   .          Harm     .   (no cloak)
rCorr   .          Rampage  .   (gloves unavailable)
Will    .....                   (boots unavailable)
Stlth   ++........              (no amulet)
HPRegen 0.07/turn               (no ring)
MPRegen 0.12/turn               (no ring)

@: lethally poisoned (0 -> -10), very slightly contaminated, very quick
A: very small, no large weapons, unfitting armour, see invisible, speed 3
a: no special abilities


You were on level 3 of the Dungeon.
You visited 1 branch of the dungeon, and saw 3 of its levels.

You collected 131 gold pieces.

Inventory:

Hand Weapons
 a - a +2 sling (weapon)
 i - a +0 rapier
Missiles
 n - 2 poisoned darts
Armour
 d - a +0 robe (worn)
Magical Staves
 k - a staff of fire
Wands
 b - a wand of flame (3)
Scrolls
 e - a scroll of immolation
 g - a scroll of fear {unknown}
 h - 2 scrolls of teleportation
 m - a scroll of noise {unknown}
 p - a scroll of blinking
Potions
 c - a potion of heal wounds
 j - a potion of brilliance {unknown}
 l - a potion of curing {unknown}
 o - a potion of might {unknown}


   Skills:
 + Level 0.3 Short Blades
 + Level 3.4 Ranged Weapons
 - Level 1.0 Throwing
 + Level 1.7 Dodging
 + Level 2.3 Stealth
 + Level 3.3 Spellcasting
 + Level 1.0 Conjurations
 + Level 1.4 Ice Magic
 - Level 1.0 Invocations
 + Level 3.2 Evocations


You had 8 spell levels left.
You knew the following spells:

 Your Spells              Type           Power      Damage    Failure   Level
a - Freeze                Ice            28%        1d5       10%         1

Your spell library contained the following spells:

 Spells                   Type           Power      Damage    Failure   Level
 Ozocubu's Armour         Ice            7%         N/A       28%         3


Dungeon Overview and Level Annotations

Branches:
Dungeon (3/15)

Altars:
Uskayaw


Innate Abilities, Weirdness & Mutations

You are very small and have problems with some larger weapons.
You are too small for most types of armour.
You have supernaturally acute eyesight. (SInv)
You cover ground extremely quickly. (Speed+++)


Message History

The adder barely misses you. The adder closely misses you.
You shoot a sling bullet.
The sling bullet closely misses the adder.
The adder bites you. x2
You are poisoned.
The adder poisons you!
You shoot a sling bullet.
The sling bullet closely misses the adder.
You feel sick. The adder closely misses you.
You shoot a sling bullet.
The sling bullet barely misses the adder.
You feel sick. The adder bites you.
You are lethally poisoned!
The adder poisons you! The adder closely misses you.
You are too injured to fight recklessly!
Casting: Freeze (safe; 10% risk of failure)
Confirm with . or Enter, or press ? or * to list all spells.
Aiming: Freeze (safe; 10% risk of failure)
Press: ? - help, Shift-Dir - straight line, f/p - adder
Aim: an adder (moderately wounded)
You freeze the adder.
The adder is heavily wounded.
You hear the slow rusting of a drain nearby.
* * * LOW HITPOINT WARNING * * *
You feel sick. The adder bites you.
* * * LOW HITPOINT WARNING * * *
You are more poisoned.
The adder poisons you!
Unknown command.
Casting: Freeze (safe; 10% risk of failure)
Confirm with . or Enter, or press ? or * to list all spells.
Aiming: Freeze (safe; 10% risk of failure)
Press: ? - help, Shift-Dir - straight line, f/p - adder
Aim: an adder (heavily wounded)
You miscast Freeze.
You are very lightly contaminated with residual magic.
Nothing appears to happen.
* * * LOW HITPOINT WARNING * * *
You feel sick. The adder bites you.
You die...

#.#.## .... #.### ##.).##
#####
##.#####.###.########...#
.$.......# #............#
....####.###.########...#
. ##...## ##.## #@### #.#
#S# #.# #'# #.# #.).# #.#
#.....# ## #.# #......<#
##.##.#
#.........####...#.#
+.........+........#
#.........####...#.#


You could see an adder.

Vanquished Creatures
  Jessica (D:2)
  An adder (D:2)
  2 worms (D:2)
  3 dart slugs
  5 endoplasms
  2 giant cockroaches
  4 goblins
  5 hobgoblins
  4 quokkas
  5 ball pythons
  5 bats
  6 frilled lizards
  7 kobolds
  4 rats
54 creatures vanquished.

Notes
Turn   | Place    | Note
-------+----------+-------------------------------------------
     0 | D:1      | Descartes the Spriggan Wanderer began the quest for the
                  | Orb.
     0 | D:1      | Descartes set off with the following items: a +2 sling, a
                  | wand of flame (3), a potion of heal wounds, a +0 robe; and
                  | the following spell memorised: Freeze; and the following
                  | spells available to memorise: Ozocubu's Armour.
     0 | D:1      | Reached XP level 1. HP: 9/9 MP: 5/5
   333 | D:1      | Reached XP level 2. HP: 13/13 MP: 6/6
   375 | D:1      | Reached skill level 1 in Stealth
   678 | D:1      | Reached skill level 1 in Dodging
   860 | D:1      | Found a faded altar of an unknown god.
  1119 | D:1      | Reached XP level 3. HP: 16/16 MP: 8/8
  1522 | D:2      | Found a hide-covered altar of Uskayaw.
  1813 | D:2      | Noticed Jessica
  1819 | D:2      | Killed Jessica
  1820 | D:2      | Reached XP level 4. HP: 21/21 MP: 10/10
  2117 | D:3      | Reached skill level 1 in Conjurations
  2144 | D:3      | Slain by an adder

Illustrated notes

Levels and vault maps discovered:
D:1:      lightli_arrival_windingriver, layout_basic,
          shapermc_ecumenical_altar_mp_ritualfount, minmay_stone_trees_small
D:2:      layout_basic, basic_altar, uniq_jessica
D:3:      layout_loops_corners, okawaru_trees_2, cheibrodos_sewer_entry_sluice,
          uniq_sigmund

Skill      XL: |  1  2  3  4 |
---------------+-------------+-----
Stealth        | 1 2 |  2.3
Spellcasting   | 3 |  3.3
Dodging        | 1 |  1.7
Evocations     | 3 |  3.2
Conjurations   | 1 |  1.0
Short Blades   | |  0.3
Ranged Weapons | |  3.4
Throwing       | |  1.0
Ice Magic      | |  1.4
Invocations    | |  1.0

Action                   |  1- 3 |  4- 6 || total
-------------------------+-------+-------++-------
 Fire: Sling             |   129 |    19 ||   148
 Cast: Freeze            |       |     1 ||     1
  Use: Scroll            |       |     3 ||     3
Armor: Robe              |     4 |     1 ||     5
Dodge: Dodged            |    28 |    16 ||    44
